TOP OF THE 1ST |
---|
Texas Christian Horned Frogs batting - Pitching for Mississippi State Bulldogs : RHP Tom Speck | Pitching: RHP Tom Speck | | Batting: RHB Eric Adams | 0-0: Called Strike 0-1: Ball 1-1: Ball 2-1: Ball 3-1: Base on Balls | Batting: LHB Nicholas Morgan | 0-0: Called Strike 0-1: Ball 1-1: Fielders Choice at 2nd, 6-4 (Groundball, 6M) | Batting: LHB Perry Hayward | 0-0: Ball 1-0: Foul Ball, location: 2F 1-1: Ball 2-1: Called Strike 2-2: Foul Ball, location: 2F 2-2: Ball 3-2: Fly out, F5 (Line Drive, 56S) | Batting: RHB Eric Schroeder | 0-0: Ball 1-0: Called Strike 1-1: Foul Ball, location: 2F 1-2: Ball 2-2: Foul Ball, location: 2F 2-2: Foul Ball, location: 2F 2-2: Strikes out swinging | Top of the 1st over - 0 runs, 0 hits, 0 errors, 1 left on base; Texas Christian 0 - Mississippi State 0 | BOTTOM OF THE 1ST |
---|
Mississippi State Bulldogs batting - Pitching for Texas Christian Horned Frogs : RHP David Miller | Pitching: RHP David Miller | | Batting: RHB Hunter Hudson | 0-0: Foul Ball, location: 2F 0-1: Foul Ball, location: 2F 0-2: Ball 1-2: Strikes out swinging | Batting: SHB Tom Stewart | 0-0: Ground out 5-3 (Groundball, 56) | Batting: RHB Dan Cross | 0-0: Called Strike 0-1: SINGLE (Groundball, 56D) | Batting: SHB Jessie Teague | 0-0: Ball 1-0: Ball 2-0: Ball 3-0: Swinging Strike 3-1: Swinging Strike 3-2: Strikes out swinging | Bottom of the 1st over - 0 runs, 1 hit, 0 errors, 1 left on base; Texas Christian 0 - Mississippi State 0 | TOP OF THE 2ND |
---|
Texas Christian Horned Frogs batting - Pitching for Mississippi State Bulldogs : RHP Tom Speck | Batting: SHB Pete Fields | 0-0: Called Strike 0-1: Ball 1-1: Fly out, F7 (Flyball, 7LD) | Batting: RHB Danny Wilson | 0-0: Called Strike 0-1: Ball 1-1: Called Strike 1-2: Strikes out looking | Batting: LHB Joaquín Trejo | 0-0: Called Strike 0-1: Ball 1-1: Foul Ball, location: 2F 1-2: Strikes out swinging | Top of the 2nd over - 0 runs, 0 hits, 0 errors, 0 left on base; Texas Christian 0 - Mississippi State 0 | BOTTOM OF THE 2ND |
---|
Mississippi State Bulldogs batting - Pitching for Texas Christian Horned Frogs : RHP David Miller | Batting: RHB Brian Hoover | 0-0: Swinging Strike 0-1: Called Strike 0-2: Ball 1-2: Ball 2-2: Strikes out swinging | Batting: RHB Ernesto Sánchez | 0-0: Ball 1-0: Foul Ball, location: 2F 1-1: Ground out 5-3 (Groundball, 56) | Batting: SHB Matthew Hughes | 0-0: Ground out 5-3 (Groundball, 56S) | Bottom of the 2nd over - 0 runs, 0 hits, 0 errors, 0 left on base; Texas Christian 0 - Mississippi State 0 | TOP OF THE 3RD |
---|
Texas Christian Horned Frogs batting - Pitching for Mississippi State Bulldogs : RHP Tom Speck | Batting: RHB Arthur Salyers | 0-0: Called Strike 0-1: Called Strike 0-2: Strikes out swinging | Batting: RHB Parker Gonzáles | 0-0: Called Strike 0-1: Foul Ball, location: 2F 0-2: SINGLE (Groundball, 4MD) | Batting: RHB Eric Adams | 0-0: SINGLE (Line Drive, 9S) Parker Gonzáles to second Runner from 2nd tries for 3rd, SAFE, throw made to third | Batting: LHB Nicholas Morgan | 0-0: Called Strike Eric Adams steals 2nd base 0-1: Ball 1-1: Swinging Strike 1-2: Ball 2-2: Ball 3-2: Foul Ball, location: 2F 3-2: Base on Balls | Batting: LHB Perry Hayward | 0-0: Ball 1-0: SINGLE (Groundball, 6MD) Parker Gonzáles scores Eric Adams to third Nicholas Morgan to second Runner from 3rd tries for Home, SAFE, throw made home | Batting: RHB Eric Schroeder | 0-0: Ball 1-0: Ball 2-0: Ball 3-0: Called Strike 3-1: Base on Balls Nicholas Morgan to third Perry Hayward to second | Batting: SHB Pete Fields | 0-0: Fly out, F7 (Flyball, 78S) Runner from 3rd tags up, SCORES, no throw | Batting: RHB Danny Wilson | 0-0: Ball 1-0: Called Strike 1-1: Swinging Strike 1-2: 3-RUN HOME RUN (Flyball, 9LD), Distance : 317 ft | Pitching: RHP Jorge Gómez | | Batting: LHB Joaquín Trejo | 0-0: Foul Ball, location: 2F 0-1: Ball 1-1: Ball 2-1: Foul Ball, location: 2F 2-2: Strikes out swinging | Top of the 3rd over - 6 runs, 4 hits, 0 errors, 0 left on base; Texas Christian 6 - Mississippi State 0 | BOTTOM OF THE 3RD |
---|
Mississippi State Bulldogs batting - Pitching for Texas Christian Horned Frogs : RHP David Miller | Batting: LHB Juan Rangel | 0-0: Ball 1-0: Swinging Strike 1-1: SOLO HOME RUN (Flyball, 9LD), Distance : 339 ft | Batting: LHB Juan Branch | 0-0: Ball 1-0: Called Strike 1-1: Swinging Strike 1-2: Strikes out swinging | Batting: RHB Hunter Hudson | 0-0: Called Strike 0-1: Called Strike 0-2: Ball 1-2: Ball 2-2: SINGLE (Groundball, 6MD) | Batting: SHB Tom Stewart | 0-0: Called Strike 0-1: Swinging Strike 0-2: Fielders Choice at 2nd, 4-6 (Groundball, 4) | Batting: RHB Dan Cross | 0-0: DOUBLE (Line Drive, 78XD) Tom Stewart to third Runner from 3rd tries for Home, throw and OUT! | Bottom of the 3rd over - 1 run, 3 hits, 0 errors, 1 left on base; Texas Christian 6 - Mississippi State 1 | TOP OF THE 4TH |
---|
Texas Christian Horned Frogs batting - Pitching for Mississippi State Bulldogs : RHP Jorge Gómez | Batting: RHB Arthur Salyers | 0-0: Called Strike 0-1: Ball 1-1: Foul Ball, location: 2F 1-2: Ball 2-2: Strikes out swinging | Batting: RHB Parker Gonzáles | 0-0: Ball 1-0: SINGLE (Line Drive, 4M) | Batting: RHB Eric Adams | 0-0: Ball 1-0: Swinging Strike 1-1: Ball 2-1: Grounds into double play, 5-4-3 (Groundball, 5) | Top of the 4th over - 0 runs, 1 hit, 0 errors, 0 left on base; Texas Christian 6 - Mississippi State 1 | BOTTOM OF THE 4TH |
---|
Mississippi State Bulldogs batting - Pitching for Texas Christian Horned Frogs : RHP David Miller | Batting: SHB Jessie Teague | 0-0: Ball 1-0: SOLO HOME RUN (Flyball, 9LD), Distance : 312 ft | Batting: RHB Brian Hoover | 0-0: SINGLE (Line Drive, 7S) | Batting: RHB Ernesto Sánchez | 0-0: Foul Ball, location: 2F 0-1: Foul Ball, location: 2F 0-2: Strikes out swinging | Batting: SHB Matthew Hughes | 0-0: Ball 1-0: Foul Ball, location: 2F 1-1: Swinging Strike 1-2: Ball 2-2: Ball 3-2: Foul Ball, location: 2F 3-2: Base on Balls Brian Hoover to second | Batting: LHB Juan Rangel | 0-0: Ball 1-0: Foul Ball, location: 2F 1-1: Ball 2-1: Swinging Strike 2-2: Ball 3-2: Strikes out swinging | Batting: LHB Juan Branch | 0-0: Ball 1-0: Called Strike 1-1: Swinging Strike 1-2: Strikes out swinging | Bottom of the 4th over - 1 run, 2 hits, 0 errors, 2 left on base; Texas Christian 6 - Mississippi State 2 | TOP OF THE 5TH |
---|
Texas Christian Horned Frogs batting - Pitching for Mississippi State Bulldogs : RHP Jorge Gómez | Batting: LHB Nicholas Morgan | 0-0: Ball 1-0: Called Strike 1-1: Foul Ball, location: 2F 1-2: Ball 2-2: SINGLE (Groundball, 6MD) | Batting: LHB Perry Hayward | 0-0: Ball 1-0: Called Strike 1-1: Called Strike 1-2: Strikes out swinging | Batting: RHB Eric Schroeder | 0-0: Ball 1-0: Ball 2-0: Called Strike 2-1: Called Strike 2-2: Strikes out swinging | Batting: SHB Pete Fields | 0-0: Called Strike 0-1: Ball 1-1: Ball 2-1: Swinging Strike 2-2: Foul Ball, location: 2F 2-2: Ball 3-2: Strikes out swinging | Top of the 5th over - 0 runs, 1 hit, 0 errors, 1 left on base; Texas Christian 6 - Mississippi State 2 | BOTTOM OF THE 5TH |
---|
Mississippi State Bulldogs batting - Pitching for Texas Christian Horned Frogs : RHP David Miller | Batting: RHB Hunter Hudson | 0-0: Called Strike 0-1: Foul Ball, location: 2F 0-2: Strikes out swinging | Batting: SHB Tom Stewart | 0-0: Called Strike 0-1: Foul Ball, location: 2F 0-2: Foul Ball, location: 2F 0-2: Ball 1-2: Strikes out looking | Batting: RHB Dan Cross | 0-0: Ball 1-0: Ball 2-0: Ground out 4-3 (Groundball, 4) | Bottom of the 5th over - 0 runs, 0 hits, 0 errors, 0 left on base; Texas Christian 6 - Mississippi State 2 | TOP OF THE 6TH |
---|
Texas Christian Horned Frogs batting - Pitching for Mississippi State Bulldogs : RHP Jorge Gómez | Batting: RHB Danny Wilson | 0-0: Ground out 4-3 (Groundball, 4) | Batting: LHB Joaquín Trejo | 0-0: Ball 1-0: Foul Ball, location: 2F 1-1: Swinging Strike 1-2: Ball 2-2: Strikes out swinging | Batting: RHB Arthur Salyers | 0-0: Called Strike 0-1: Ball 1-1: Foul Ball, location: 2F 1-2: Ball 2-2: Fly out, F1 (Line Drive, 15) | Top of the 6th over - 0 runs, 0 hits, 0 errors, 0 left on base; Texas Christian 6 - Mississippi State 2 | BOTTOM OF THE 6TH |
---|
Mississippi State Bulldogs batting - Pitching for Texas Christian Horned Frogs : RHP David Miller | Batting: SHB Jessie Teague | 0-0: Ball 1-0: Called Strike 1-1: Foul Ball, location: 2F 1-2: Fly out, F8 (Flyball, 8LM) | Batting: RHB Brian Hoover | 0-0: Swinging Strike 0-1: Ball 1-1: Swinging Strike 1-2: Ball 2-2: Ground out 3-1 (Groundball, 34) | Batting: RHB Ernesto Sánchez | 0-0: Ball 1-0: SINGLE (Groundball, 34) (infield hit) | Pitching: LHP Bob Watkins | | Batting: SHB Matthew Hughes | 0-0: Ball 1-0: Fly out, F9 (Flyball, 9D) | Bottom of the 6th over - 0 runs, 1 hit, 0 errors, 1 left on base; Texas Christian 6 - Mississippi State 2 | TOP OF THE 7TH |
---|
Texas Christian Horned Frogs batting - Pitching for Mississippi State Bulldogs : RHP Jorge Gómez | Batting: RHB Parker Gonzáles | 0-0: Ball 1-0: Ball 2-0: Ground out 1-3 (Groundball, 13S) | Batting: RHB Eric Adams | 0-0: Called Strike 0-1: Ball 1-1: Called Strike 1-2: Ball 2-2: Ground out 6-3 (Groundball, 6) | Batting: LHB Nicholas Morgan | 0-0: Ball 1-0: Ball 2-0: Called Strike 2-1: Ground out 4-3 (Groundball, 4) | Top of the 7th over - 0 runs, 0 hits, 0 errors, 0 left on base; Texas Christian 6 - Mississippi State 2 | BOTTOM OF THE 7TH |
---|
Mississippi State Bulldogs batting - Pitching for Texas Christian Horned Frogs : LHP Bob Watkins | Batting: LHB Juan Rangel | 0-0: Foul Ball, location: 2F 0-1: Ball 1-1: Swinging Strike 1-2: Foul Ball, location: 2F 1-2: Strikes out swinging | Batting: LHB Juan Branch | 0-0: Ball 1-0: Called Strike 1-1: Ball 2-1: Foul Ball, location: 2F 2-2: Ball 3-2: Foul Ball, location: 2F 3-2: Fly out, F6 (Popup, 6) | Batting: RHB Hunter Hudson | 0-0: Called Strike 0-1: Ball 1-1: Ground out 6-3 (Groundball, 6) | Bottom of the 7th over - 0 runs, 0 hits, 0 errors, 0 left on base; Texas Christian 6 - Mississippi State 2 | TOP OF THE 8TH |
---|
Texas Christian Horned Frogs batting - Pitching for Mississippi State Bulldogs : RHP Jorge Gómez | Batting: LHB Perry Hayward | 0-0: Called Strike 0-1: Foul Ball, location: 2F 0-2: Ball 1-2: Strikes out swinging | Batting: RHB Eric Schroeder | 0-0: Called Strike 0-1: Called Strike 0-2: Foul Ball, location: 2F 0-2: Foul Ball, location: 2F 0-2: Ball 1-2: Foul Ball, location: 2F 1-2: Foul Ball, location: 2F 1-2: Ball 2-2: Fly out, F8 (Flyball, 8LXD) | Pitching: LHP Leonard Scott | | Batting: SHB Pete Fields | 0-0: Fly out, F8 (Flyball, 8RS) | Top of the 8th over - 0 runs, 0 hits, 0 errors, 0 left on base; Texas Christian 6 - Mississippi State 2 | BOTTOM OF THE 8TH |
---|
Mississippi State Bulldogs batting - Pitching for Texas Christian Horned Frogs : LHP Bob Watkins | Batting: SHB Tom Stewart | 0-0: Called Strike 0-1: Foul Ball, location: 2F 0-2: Ball 1-2: Strikes out swinging | Batting: RHB Dan Cross | 0-0: DOUBLE (Flyball, 89D) | Batting: SHB Jessie Teague | 0-0: SINGLE (Groundball, 4MD) Dan Cross to third Runner from 3rd tries for Home, SAFE, throw made home | Batting: RHB Brian Hoover | 0-0: Ball 1-0: Called Strike 1-1: Swinging Strike 1-2: Ball 2-2: Ball 3-2: Base on Balls Jessie Teague to second | Batting: RHB Ernesto Sánchez | 0-0: Called Strike 0-1: Swinging Strike 0-2: Ball 1-2: Foul Ball, location: 2F 1-2: Strikes out swinging | Batting: SHB Matthew Hughes | 0-0: Called Strike 0-1: Reached on error, E5 (Groundball, 56S) Jessie Teague to third Brian Hoover to second | Pinch Hitting: RHB Abel Moore | 0-0: Ball 1-0: Fly out, F7 (Flyball, 78XD) | Bottom of the 8th over - 1 run, 2 hits, 1 error, 3 left on base; Texas Christian 6 - Mississippi State 3 | TOP OF THE 9TH |
---|
Texas Christian Horned Frogs batting - Pitching for Mississippi State Bulldogs : LHP Leonard Scott | Now in RF: John O'Brien | | Batting: RHB Danny Wilson | 0-0: Ground out 6-3 (Groundball, 6) | Batting: LHB Joaquín Trejo | 0-0: Called Strike 0-1: Ball 1-1: SOLO HOME RUN (Flyball, 9LD), Distance : 320 ft | Batting: RHB Arthur Salyers | 0-0: Ball 1-0: Foul Ball, location: 2F 1-1: Ball 2-1: Ball 3-1: Base on Balls | Batting: RHB Parker Gonzáles | 0-0: Ball 1-0: Ball 2-0: Swinging Strike 2-1: Ball 3-1: Base on Balls Arthur Salyers to second | Batting: RHB Eric Adams | 0-0: Called Strike 0-1: Fly out, F3 (Line Drive, 34) | Batting: LHB Nicholas Morgan | 0-0: Hit by Pitch Arthur Salyers to third Parker Gonzáles to second | Batting: LHB Perry Hayward | 0-0: Ball 1-0: Ground out U3 (Groundball, 34) | Top of the 9th over - 1 run, 1 hit, 0 errors, 3 left on base; Texas Christian 7 - Mississippi State 3 | BOTTOM OF THE 9TH |
---|
Mississippi State Bulldogs batting - Pitching for Texas Christian Horned Frogs : LHP Bob Watkins | Batting: LHB Juan Branch | 0-0: Ball 1-0: Called Strike 1-1: Ball 2-1: Foul Ball, location: 2F 2-2: DOUBLE (Flyball, 8RXD) | Batting: RHB Hunter Hudson | 0-0: Swinging Strike 0-1: Fly out, F9 (Flyball, 89M) | Batting: SHB Tom Stewart | 0-0: Foul Ball, location: 2F 0-1: Ground out 3-1 (Groundball, 34) Juan Branch to third | Batting: RHB Dan Cross | 0-0: Ball 1-0: Ball 2-0: Foul Ball, location: 2F 2-1: Called Strike 2-2: Strikes out looking | Bottom of the 9th over - 0 runs, 1 hit, 0 errors, 1 left on base; Texas Christian 7 - Mississippi State 3 | |